[ AOE2 MATCH · #484416439 ]
UnrankedBurmese vs Malay
[ REPLAY ANALYSIS · EXTRACTED FROM THE RECORDED GAME ]
Feudal
11:37
Castle
22:06
Imperial
41:51
| APM avg | 27.1 |
| APM peak | 63 |
| eAPM avg | 15.0 |
| Villagers / military | 92 / 64 |
Focus
⚔️ 28.0% · 🌾 72.0%
Knight ×44 · Scout Cavalry ×10 · Arambai ×7 · Trebuchet (Packed) ×2 · Battle Elephant ×1
Feudal
—
Castle
—
Imperial
—
| APM avg | 53.7 |
| APM peak | 98 |
| eAPM avg | 26.7 |
| Villagers / military | 133 / 122 |
Focus
⚔️ 22.2% · 🌾 77.8%
Archer ×57 · Karambit Warrior ×34 · Spearman ×17 · Knight ×10 · Mangonel ×3 · Trebuchet (Packed) ×1
Feudal
9:55
Castle
28:40
Imperial
—
| APM avg | 53.3 |
| APM peak | 93 |
| eAPM avg | 16.7 |
| Villagers / military | 96 / 65 |
Focus
⚔️ 22.7% · 🌾 77.3%
Cavalry Archer ×27 · Skirmisher ×19 · Spearman ×11 · Scout Cavalry ×4 · Battering Ram ×2 · Samurai ×1
Feudal
12:33
Castle
31:27
Imperial
—
| APM avg | 20.1 |
| APM peak | 45 |
| eAPM avg | 11.1 |
| Villagers / military | 75 / 59 |
Focus
⚔️ 22.1% · 🌾 77.9%
Camel Scout ×41 · Scout Cavalry ×16 · Spearman ×1 · Shrivamsha Rider ×1
Feudal
—
Castle
—
Imperial
—
| APM avg | 47.1 |
| APM peak | 122 |
| eAPM avg | 27.0 |
| Villagers / military | 150 / 154 |
Focus
⚔️ 48.0% · 🌾 52.0%
Knight ×114 · Scout Cavalry ×33 · Skirmisher ×7
Feudal
8:57
Castle
40:55
Imperial
—
| APM avg | 32.7 |
| APM peak | 107 |
| eAPM avg | 12.3 |
| Villagers / military | 114 / 72 |
Focus
⚔️ 43.5% · 🌾 56.5%
Scout Cavalry ×55 · Skirmisher ×16 · Knight ×1
Feudal
12:18
Castle
42:20
Imperial
—
| APM avg | 19.6 |
| APM peak | 63 |
| eAPM avg | 10.8 |
| Villagers / military | 51 / 93 |
Focus
⚔️ 37.6% · 🌾 62.4%
Scout Cavalry ×53 · Spearman ×18 · Archer ×17 · Knight ×5
Feudal
9:23
Castle
25:43
Imperial
42:15
| APM avg | 54.5 |
| APM peak | 97 |
| eAPM avg | 21.4 |
| Villagers / military | 138 / 136 |
Focus
⚔️ 44.9% · 🌾 55.1%
Archer ×136 · Unknown (1942) ×9
Match map
Resources at game start + every placement click. Thick line = wall · dashed box = detected house wall. 🟡 gold · ⚪ stone · 🟢 berries · 🔶 boar · ⭕ relic
Inputs per minute
— SF PLAYER - - BothStarling872
Build order — SF PLAYER
First 150 of 267 actions detected
| 0:01 | Create | Villager (Male) |
| 0:02 | Create | Villager (Male) |
| 0:02 | Create | Villager (Male) |
| 0:04 | Build | House |
| 0:05 | Build | House |
| 0:10 | Create | Villager (Male) |
| 0:10 | Create | Villager (Male) |
| 1:25 | Create | Villager (Male) |
| 1:25 | Create | Villager (Male) |
| 2:00 | Create | Villager (Male) |
| 2:00 | Create | Villager (Male) |
| 2:24 | Create | Villager (Male) |
| 2:24 | Create | Villager (Male) |
| 2:44 | Create | Villager (Male) |
| 2:44 | Create | Villager (Male) |
| 2:52 | Create | Villager (Male) |
| 2:52 | Create | Villager (Male) |
| 3:18 | Build | Lumber Camp |
| 3:26 | Build | House |
| 3:56 | Create | Villager (Male) |
| 3:57 | Create | Villager (Male) |
| 4:04 | Research | Loom |
| 4:28 | Create | Villager (Male) |
| 4:28 | Create | Villager (Male) |
| 4:48 | Create | Villager (Male) |
| 4:48 | Create | Villager (Male) |
| 4:48 | Create | Villager (Male) |
| 4:53 | Create | Villager (Male) |
| 4:53 | Create | Villager (Male) |
| 5:15 | Create | Villager (Male) |
| 5:23 | Build | House |
| 5:45 | Create | Villager (Male) |
| 5:45 | Create | Villager (Male) |
| 5:46 | Create | Villager (Male) |
| 5:56 | Create | Villager (Male) |
| 5:57 | Create | Villager (Male) |
| 6:36 | Create | Villager (Male) |
| 7:05 | Build | Mill |
| 7:22 | Create | Villager (Male) |
| 7:23 | Create | Villager (Male) |
| 7:57 | Create | Villager (Male) |
| 8:17 | Create | Villager (Male) |
| 9:02 | Research | Loom |
| 9:08 | Research | Feudal Age |
| 9:20 | Build | House |
| 9:24 | Build | Mining Camp |
| 9:58 | Build | House |
| 10:17 | Build | Palisade Wall |
| 10:27 | Build | Barracks |
| 10:58 | Build | Farm |
| 11:37 | Age | Feudal Age |
| 11:42 | Build | Farm |
| 11:42 | Create | Villager (Male) |
| 11:43 | Create | Villager (Male) |
| 11:45 | Build | Stable |
| 12:15 | Build | House |
| 12:16 | Build | House |
| 12:23 | Build | Farm |
| 12:25 | Create | Villager (Male) |
| 12:32 | Create | Scout Cavalry |
| 12:32 | Create | Scout Cavalry |
| 12:37 | Build | Palisade Wall |
| 12:43 | Create | Villager (Male) |
| 12:50 | Build | Palisade Wall |
| 13:01 | Build | Farm |
| 13:07 | Build | Building 796 |
| 13:09 | Build | Palisade Wall |
| 13:12 | Create | Scout Cavalry |
| 13:18 | Create | Villager (Male) |
| 13:20 | Build | Farm |
| 13:27 | Build | Farm |
| 13:35 | Build | Farm |
| 13:41 | Build | Building 796 |
| 13:43 | Build | Palisade Wall |
| 13:56 | Research | Bloodlines |
| 14:04 | Build | Blacksmith |
| 14:07 | Build | Palisade Wall |
| 14:37 | Create | Villager (Male) |
| 14:37 | Create | Villager (Male) |
| 14:42 | Build | Farm |
| 14:43 | Build | Farm |
| 15:00 | Build | Palisade Wall |
| 15:13 | Build | Lumber Camp |
| 15:29 | Research | Forging |
| 15:32 | Create | Scout Cavalry |
| 15:32 | Create | Scout Cavalry |
| 15:32 | Create | Scout Cavalry |
| 16:26 | Create | Villager (Male) |
| 16:26 | Create | Villager (Male) |
| 16:42 | Build | Market |
| 16:44 | Build | Palisade Wall |
| 17:37 | Build | Farm |
| 17:38 | Build | Farm |
| 17:41 | Build | Farm |
| 17:43 | Create | Villager (Male) |
| 17:48 | Build | Farm |
| 17:50 | Build | Farm |
| 17:50 | Build | Farm |
| 17:50 | Build | Farm |
| 17:51 | Build | Farm |
| 17:52 | Build | Farm |
| 17:52 | Build | Farm |
| 18:14 | Build | Palisade Wall |
| 18:16 | Build | Farm |
| 18:17 | Create | Villager (Male) |
| 18:17 | Create | Villager (Male) |
| 18:46 | Build | Farm |
| 19:26 | Research | Castle Age |
| 19:26 | Research | Castle Age |
| 20:23 | Research | Scale Barding Armor |
| 20:25 | Create | Scout Cavalry |
| 20:25 | Create | Scout Cavalry |
| 20:25 | Create | Scout Cavalry |
| 20:25 | Create | Scout Cavalry |
| 20:42 | Research | Horse Collar |
| 20:45 | Build | Farm |
| 22:06 | Age | Castle Age |
| 22:19 | Create | Knight |
| 22:25 | Create | Villager (Male) |
| 22:25 | Create | Villager (Male) |
| 22:30 | Build | Stable |
| 22:41 | Build | Farm |
| 22:49 | Create | Knight |
| 23:03 | Create | Villager (Male) |
| 23:07 | Create | Villager (Male) |
| 23:13 | Create | Knight |
| 23:14 | Research | Husbandry |
| 23:51 | Create | Knight |
| 23:56 | Create | Battle Elephant |
| 24:25 | Build | Town Center |
| 24:28 | Create | Villager (Male) |
| 24:29 | Create | Villager (Male) |
| 24:30 | Create | Villager (Male) |
| 25:09 | Research | Iron Casting |
| 25:17 | Research | Wheelbarrow |
| 26:16 | Create | Villager (Male) |
| 26:16 | Create | Villager (Male) |
| 26:16 | Create | Villager (Male) |
| 26:22 | Build | Lumber Camp |
| 26:44 | Create | Knight |
| 26:45 | Create | Knight |
| 26:45 | Create | Knight |
| 26:47 | Create | Knight |
| 26:47 | Create | Knight |
| 28:00 | Create | Knight |
| 28:01 | Create | Knight |
| 28:02 | Create | Knight |
| 28:05 | Create | Villager (Male) |
| 28:05 | Create | Villager (Male) |
| 28:09 | Create | Villager (Male) |
Build order — BothStarling872
First 150 of 379 actions detected
| 0:01 | Create | Villager (Male) |
| 0:02 | Create | Villager (Male) |
| 0:02 | Create | Villager (Male) |
| 0:03 | Build | House |
| 0:04 | Build | House |
| 0:19 | Create | Villager (Male) |
| 0:19 | Create | Villager (Male) |
| 1:24 | Create | Villager (Male) |
| 1:25 | Create | Villager (Male) |
| 1:57 | Create | Villager (Male) |
| 1:57 | Create | Villager (Male) |
| 2:30 | Create | Villager (Male) |
| 3:00 | Create | Villager (Male) |
| 3:00 | Create | Villager (Male) |
| 3:29 | Create | Villager (Male) |
| 3:30 | Create | Villager (Male) |
| 3:57 | Create | Villager (Male) |
| 3:57 | Create | Villager (Male) |
| 4:12 | Build | Lumber Camp |
| 4:25 | Create | Villager (Male) |
| 4:55 | Create | Villager (Male) |
| 4:55 | Create | Villager (Male) |
| 4:55 | Create | Villager (Male) |
| 4:56 | Create | Villager (Male) |
| 4:58 | Build | House |
| 5:18 | Create | Villager (Male) |
| 6:25 | Create | Villager (Male) |
| 6:45 | Build | Mill |
| 7:06 | Build | House |
| 7:15 | Create | Villager (Male) |
| 7:52 | Research | Loom |
| 8:00 | Build | Barracks |
| 8:01 | Build | House |
| 8:34 | Research | Feudal Age |
| 8:59 | Create | Villager (Male) |
| 9:13 | Build | Lumber Camp |
| 9:25 | Build | House |
| 10:13 | Create | Spearman |
| 10:13 | Create | Spearman |
| 10:23 | Create | Villager (Male) |
| 10:23 | Create | Villager (Male) |
| 10:27 | Build | Mining Camp |
| 10:44 | Create | Villager (Male) |
| 11:06 | Build | Archery Range |
| 11:14 | Build | House |
| 11:15 | Build | Palisade Wall |
| 11:18 | Create | Villager (Male) |
| 11:18 | Create | Villager (Male) |
| 11:18 | Create | Villager (Male) |
| 12:02 | Build | Farm |
| 12:04 | Build | Farm |
| 12:08 | Build | House |
| 12:11 | Build | Palisade Wall |
| 12:12 | Build | Palisade Wall |
| 12:15 | Build | Palisade Wall |
| 12:20 | Create | Villager (Male) |
| 12:20 | Create | Villager (Male) |
| 12:26 | Create | Archer |
| 12:26 | Create | Archer |
| 12:49 | Create | Villager (Male) |
| 12:55 | Build | House |
| 12:57 | Build | Palisade Wall |
| 12:59 | Create | Villager (Male) |
| 13:03 | Create | Archer |
| 13:03 | Create | Archer |
| 13:22 | Create | Spearman |
| 13:31 | Build | House |
| 13:33 | Build | Palisade Wall |
| 13:36 | Build | House |
| 13:38 | Build | Palisade Wall |
| 13:39 | Build | Palisade Wall |
| 13:56 | Build | Palisade Wall |
| 13:59 | Create | Villager (Male) |
| 14:08 | Create | Archer |
| 14:09 | Create | Archer |
| 14:26 | Build | Palisade Wall |
| 14:28 | Build | Palisade Wall |
| 14:29 | Build | Palisade Wall |
| 14:31 | Build | Palisade Wall |
| 14:33 | Create | Spearman |
| 15:03 | Create | Archer |
| 15:03 | Create | Archer |
| 15:24 | Create | Villager (Male) |
| 15:28 | Create | Archer |
| 15:37 | Create | Archer |
| 15:45 | Build | House |
| 15:52 | Build | Farm |
| 15:53 | Create | Villager (Male) |
| 16:21 | Build | Farm |
| 16:26 | Create | Archer |
| 16:26 | Create | Archer |
| 16:39 | Build | House |
| 16:42 | Build | House |
| 16:46 | Create | Archer |
| 16:56 | Create | Villager (Male) |
| 17:32 | Create | Villager (Male) |
| 17:32 | Create | Villager (Male) |
| 17:34 | Build | House |
| 17:48 | Create | Archer |
| 17:48 | Create | Archer |
| 18:06 | Build | Farm |
| 18:07 | Build | Farm |
| 18:07 | Create | Villager (Male) |
| 18:07 | Create | Villager (Male) |
| 18:08 | Create | Villager (Male) |
| 18:17 | Build | Blacksmith |
| 18:19 | Create | Archer |
| 18:24 | Create | Spearman |
| 18:40 | Create | Villager (Male) |
| 18:41 | Create | Villager (Male) |
| 18:48 | Build | Market |
| 18:52 | Build | Farm |
| 18:53 | Build | Farm |
| 19:16 | Build | Archery Range |
| 19:20 | Build | Stone Wall |
| 19:22 | Research | Fletching |
| 19:22 | Research | Fletching |
| 19:28 | Build | Farm |
| 19:28 | Build | Farm |
| 19:28 | Build | Farm |
| 19:28 | Build | Farm |
| 19:28 | Build | Farm |
| 19:52 | Create | Villager (Male) |
| 19:54 | Build | House |
| 19:57 | Create | Archer |
| 20:13 | Create | Archer |
| 20:15 | Create | Archer |
| 20:15 | Create | Archer |
| 20:16 | Create | Archer |
| 20:22 | Build | House |
| 20:25 | Build | Farm |
| 20:30 | Build | House |
| 20:32 | Build | House |
| 20:35 | Build | Palisade Wall |
| 20:38 | Build | Palisade Wall |
| 20:39 | Build | Palisade Wall |
| 20:40 | Create | Villager (Male) |
| 20:40 | Create | Villager (Male) |
| 20:40 | Create | Villager (Male) |
| 20:59 | Research | Double-Bit Axe |
| 21:00 | Research | Double-Bit Axe |
| 21:01 | Create | Archer |
| 21:02 | Create | Archer |
| 21:10 | Create | Spearman |
| 21:26 | Build | Farm |
| 21:50 | Create | Archer |
| 21:52 | Create | Archer |
| 21:52 | Create | Archer |
| 21:53 | Create | Villager (Male) |
| 21:53 | Create | Villager (Male) |
Build order — Raziel
First 150 of 173 actions detected
| 0:02 | Build | House |
| 0:03 | Create | Villager (Male) |
| 0:03 | Create | Villager (Male) |
| 0:03 | Create | Villager (Male) |
| 0:04 | Build | House |
| 0:05 | Create | Villager (Male) |
| 0:05 | Create | Villager (Male) |
| 1:33 | Create | Villager (Male) |
| 1:33 | Create | Villager (Male) |
| 2:10 | Create | Villager (Male) |
| 2:11 | Create | Villager (Male) |
| 2:19 | Build | Lumber Camp |
| 2:20 | Create | Villager (Male) |
| 2:54 | Create | Villager (Male) |
| 2:54 | Create | Villager (Male) |
| 3:09 | Build | House |
| 3:23 | Create | Villager (Male) |
| 3:23 | Create | Villager (Male) |
| 3:34 | Create | Villager (Male) |
| 3:34 | Create | Villager (Male) |
| 3:49 | Create | Villager (Male) |
| 3:49 | Create | Villager (Male) |
| 4:22 | Build | Mill |
| 4:26 | Create | Villager (Male) |
| 4:27 | Create | Villager (Male) |
| 4:27 | Create | Villager (Male) |
| 4:27 | Create | Villager (Male) |
| 5:20 | Build | House |
| 5:24 | Create | Villager (Male) |
| 5:24 | Create | Villager (Male) |
| 5:24 | Create | Villager (Male) |
| 5:24 | Create | Villager (Male) |
| 5:36 | Build | House |
| 6:10 | Create | Villager (Male) |
| 6:10 | Create | Villager (Male) |
| 6:10 | Create | Villager (Male) |
| 7:20 | Research | Loom |
| 7:32 | Research | Feudal Age |
| 7:32 | Research | Feudal Age |
| 8:00 | Build | House |
| 8:32 | Build | Palisade Wall |
| 9:15 | Build | Barracks |
| 9:25 | Build | House |
| 9:32 | Build | House |
| 9:50 | Create | Villager (Male) ×5 |
| 9:55 | Age | Feudal Age |
| 10:15 | Build | Archery Range |
| 10:50 | Build | Stable |
| 11:04 | Research | Double-Bit Axe |
| 11:04 | Research | Double-Bit Axe |
| 11:22 | Build | Palisade Wall |
| 11:45 | Build | Farm |
| 11:56 | Create | Villager (Male) |
| 12:04 | Create | Scout Cavalry ×3 |
| 12:42 | Build | House |
| 12:43 | Build | House |
| 12:49 | Build | Farm |
| 12:50 | Build | Farm |
| 12:51 | Build | Farm |
| 12:53 | Build | Farm |
| 13:16 | Build | Watch Tower |
| 13:27 | Build | Farm |
| 13:33 | Build | Farm |
| 13:35 | Build | Farm |
| 13:47 | Create | Skirmisher |
| 14:39 | Build | House |
| 14:42 | Build | House |
| 14:43 | Build | House |
| 14:44 | Build | House |
| 14:45 | Build | House |
| 14:47 | Build | House |
| 14:49 | Build | House |
| 14:50 | Build | House |
| 15:31 | Create | Skirmisher ×5 |
| 15:52 | Research | Town Watch |
| 15:58 | Create | Skirmisher ×5 |
| 16:14 | Build | Farm |
| 17:43 | Create | Villager (Male) ×5 |
| 17:51 | Build | House |
| 17:54 | Build | House |
| 17:55 | Build | House |
| 17:57 | Build | House |
| 17:59 | Build | House |
| 18:00 | Build | House |
| 19:36 | Create | Skirmisher ×5 |
| 19:50 | Build | Farm |
| 19:51 | Build | Farm |
| 20:43 | Create | Spearman |
| 20:43 | Create | Spearman |
| 21:11 | Build | Blacksmith |
| 22:41 | Build | Farm |
| 22:48 | Build | Farm |
| 22:51 | Build | Farm |
| 22:58 | Build | Mining Camp |
| 23:09 | Build | Blacksmith |
| 23:14 | Research | Horse Collar |
| 23:31 | Build | Market |
| 23:52 | Research | Wheelbarrow |
| 24:01 | Build | Farm |
| 24:29 | Build | Farm |
| 25:27 | Build | Archery Range |
| 25:55 | Build | Palisade Wall |
| 26:00 | Research | Castle Age |
| 26:00 | Research | Castle Age |
| 26:31 | Build | Lumber Camp |
| 26:36 | Build | Mining Camp |
| 26:45 | Create | Spearman ×5 |
| 27:42 | Research | Fletching |
| 27:49 | Create | Skirmisher ×3 |
| 28:40 | Age | Castle Age |
| 29:02 | Research | Pikeman (upgrade) |
| 29:21 | Research | Stone Mining |
| 29:55 | Create | Spearman ×4 |
| 30:20 | Build | Town Center |
| 31:44 | Build | Watch Tower |
| 32:19 | Build | Farm |
| 33:17 | Create | Villager (Male) ×4 |
| 33:17 | Create | Villager (Male) ×4 |
| 34:39 | Build | Castle |
| 34:51 | Create | Villager (Male) ×2 |
| 34:51 | Create | Villager (Male) ×2 |
| 35:26 | Create | Scout Cavalry |
| 35:43 | Create | Villager (Male) |
| 35:43 | Create | Villager (Male) |
| 35:44 | Create | Villager (Male) |
| 35:49 | Build | Farm |
| 36:14 | Build | Mining Camp |
| 36:31 | Create | Villager (Male) ×2 |
| 36:31 | Create | Villager (Male) ×2 |
| 36:59 | Build | Farm |
| 37:00 | Build | Farm |
| 37:00 | Build | Farm |
| 37:01 | Build | Farm |
| 37:01 | Build | Farm |
| 37:01 | Build | Farm |
| 37:04 | Build | Farm |
| 37:30 | Create | Villager (Male) ×5 |
| 37:30 | Create | Villager (Male) ×5 |
| 37:42 | Build | Archery Range |
| 37:43 | Build | Farm |
| 37:52 | Create | Villager (Male) |
| 38:07 | Create | Villager (Male) |
| 38:07 | Create | Villager (Male) |
| 38:42 | Create | Villager (Male) ×3 |
| 38:43 | Create | Villager (Male) ×3 |
| 38:53 | Research | Bow Saw |
| 39:04 | Research | Gold Mining |
| 39:05 | Research | Gold Mining |
| 39:19 | Create | Cavalry Archer ×5 |
| 39:20 | Create | Cavalry Archer ×5 |
Build order — Hiller B
First 150 of 203 actions detected
| 0:01 | Create | Villager (Male) |
| 0:01 | Create | Villager (Male) |
| 0:01 | Create | Villager (Male) |
| 0:02 | Create | Villager (Male) |
| 0:03 | Build | House |
| 0:05 | Build | House |
| 1:33 | Create | Villager (Male) |
| 1:53 | Build | Lumber Camp |
| 2:01 | Create | Villager (Male) |
| 2:01 | Create | Villager (Male) |
| 2:51 | Create | Villager (Male) |
| 3:11 | Create | Villager (Male) |
| 4:58 | Build | Mill |
| 5:52 | Create | Villager (Male) |
| 5:52 | Create | Villager (Male) |
| 6:00 | Create | Villager (Male) |
| 7:42 | Build | Farm |
| 7:43 | Build | Farm |
| 7:44 | Build | Farm |
| 8:01 | Create | Villager (Male) |
| 8:13 | Build | House |
| 8:14 | Build | House |
| 9:24 | Build | Barracks |
| 9:48 | Build | Farm |
| 9:58 | Research | Loom |
| 10:07 | Research | Feudal Age |
| 10:22 | Build | Farm |
| 10:48 | Build | Farm |
| 12:25 | Create | Villager (Male) |
| 12:33 | Age | Feudal Age |
| 12:37 | Build | Stable |
| 12:39 | Build | Stable |
| 12:46 | Create | Villager (Male) |
| 12:47 | Create | Villager (Male) |
| 12:48 | Create | Villager (Male) |
| 12:53 | Research | Horse Collar |
| 12:55 | Research | Double-Bit Axe |
| 13:16 | Build | House |
| 13:19 | Build | House |
| 13:37 | Create | Villager (Male) |
| 13:43 | Build | House |
| 13:58 | Create | Villager (Male) |
| 14:00 | Create | Scout Cavalry |
| 14:01 | Create | Scout Cavalry |
| 14:14 | Create | Spearman |
| 14:31 | Create | Villager (Male) |
| 14:33 | Build | Farm |
| 14:46 | Create | Villager (Male) |
| 14:49 | Build | House |
| 14:50 | Build | House |
| 14:54 | Build | House |
| 14:59 | Create | Scout Cavalry |
| 15:02 | Create | Scout Cavalry |
| 15:06 | Create | Scout Cavalry |
| 15:17 | Build | Farm |
| 15:24 | Create | Villager (Male) |
| 15:33 | Build | Farm |
| 15:40 | Create | Scout Cavalry |
| 16:36 | Build | Blacksmith |
| 17:52 | Build | Farm |
| 17:55 | Build | Mining Camp |
| 19:09 | Create | Villager (Male) |
| 19:09 | Create | Villager (Male) |
| 19:09 | Create | Villager (Male) |
| 19:15 | Build | Farm |
| 19:15 | Build | Farm |
| 19:15 | Build | Farm |
| 19:16 | Build | Farm |
| 19:23 | Build | Farm |
| 20:18 | Create | Scout Cavalry ×5 |
| 20:29 | Build | Market |
| 20:34 | Build | Farm |
| 20:51 | Create | Villager (Male) |
| 21:08 | Research | Scale Barding Armor |
| 21:10 | Research | Forging |
| 21:16 | Create | Villager (Male) |
| 21:18 | Create | Villager (Male) |
| 21:25 | Build | Mining Camp |
| 21:44 | Build | House |
| 21:46 | Build | House |
| 21:50 | Create | Villager (Male) |
| 22:59 | Research | Bloodlines |
| 23:16 | Create | Scout Cavalry |
| 23:17 | Create | Scout Cavalry |
| 23:22 | Create | Villager (Male) |
| 23:22 | Create | Villager (Male) |
| 23:23 | Create | Villager (Male) |
| 23:27 | Build | House |
| 23:36 | Build | Mining Camp |
| 23:39 | Build | House |
| 23:46 | Build | Farm |
| 23:47 | Build | Farm |
| 23:47 | Build | Farm |
| 23:48 | Create | Villager (Male) |
| 23:49 | Create | Villager (Male) |
| 24:23 | Create | Scout Cavalry |
| 24:24 | Create | Scout Cavalry |
| 25:06 | Build | House |
| 25:15 | Build | Farm |
| 27:09 | Build | House |
| 27:10 | Build | House |
| 28:47 | Research | Castle Age |
| 29:37 | Build | House |
| 29:39 | Build | House |
| 29:46 | Build | Farm |
| 29:46 | Build | Farm |
| 29:46 | Build | Farm |
| 29:47 | Build | Farm |
| 29:47 | Build | Farm |
| 29:48 | Create | Villager (Male) |
| 29:49 | Create | Villager (Male) |
| 29:49 | Create | Villager (Male) |
| 29:50 | Create | Villager (Male) |
| 30:02 | Create | Scout Cavalry |
| 31:27 | Age | Castle Age |
| 31:45 | Research | Light Cavalry (upgrade) |
| 31:46 | Research | Husbandry |
| 31:54 | Research | Iron Casting |
| 31:55 | Research | Chain Barding Armor |
| 32:18 | Create | Shrivamsha Rider |
| 33:06 | Build | Town Center |
| 33:10 | Create | Villager (Male) |
| 33:11 | Create | Villager (Male) |
| 33:11 | Create | Villager (Male) |
| 33:31 | Create | Camel Scout |
| 33:32 | Create | Camel Scout |
| 33:46 | Create | Villager (Male) |
| 33:47 | Create | Villager (Male) |
| 33:47 | Create | Villager (Male) |
| 35:48 | Create | Villager (Male) |
| 36:01 | Build | Mining Camp |
| 36:11 | Create | Camel Scout ×4 |
| 36:18 | Create | Villager (Male) |
| 36:18 | Create | Villager (Male) |
| 36:18 | Create | Villager (Male) |
| 36:19 | Create | Villager (Male) |
| 36:19 | Create | Villager (Male) |
| 37:01 | Create | Villager (Male) |
| 37:02 | Create | Villager (Male) |
| 37:02 | Create | Villager (Male) |
| 37:14 | Build | Town Center |
| 37:22 | Create | Villager (Male) |
| 37:22 | Create | Villager (Male) |
| 37:22 | Create | Villager (Male) |
| 37:27 | Create | Villager (Male) |
| 37:33 | Research | Heavy Plow |
| 37:36 | Research | Bow Saw |
| 37:39 | Research | Gold Mining |
| 37:43 | Build | Farm |
| 37:43 | Build | Farm |
Build order — AlexKngSteel
First 150 of 418 actions detected
| 0:02 | Create | Villager (Male) |
| 0:04 | Build | House |
| 0:05 | Build | House |
| 0:11 | Create | Villager (Male) |
| 0:11 | Create | Villager (Male) |
| 0:11 | Create | Villager (Male) |
| 1:09 | Create | Villager (Male) |
| 1:48 | Create | Villager (Male) |
| 1:48 | Create | Villager (Male) |
| 1:53 | Build | Lumber Camp |
| 2:10 | Create | Villager (Male) |
| 2:36 | Create | Villager (Male) |
| 2:37 | Create | Villager (Male) |
| 3:12 | Build | House |
| 3:21 | Create | Villager (Male) |
| 3:37 | Create | Villager (Male) |
| 3:38 | Create | Villager (Male) |
| 3:51 | Create | Villager (Male) |
| 3:51 | Create | Villager (Male) |
| 4:07 | Create | Villager (Male) |
| 4:07 | Create | Villager (Male) |
| 4:24 | Create | Villager (Male) |
| 4:24 | Create | Villager (Male) |
| 5:06 | Create | Villager (Male) |
| 5:29 | Create | Villager (Male) |
| 5:58 | Build | House |
| 6:00 | Build | Mill |
| 6:03 | Create | Villager (Male) |
| 6:15 | Create | Villager (Male) |
| 6:26 | Build | Mill |
| 6:32 | Build | Mill |
| 6:35 | Create | Villager (Male) |
| 6:40 | Build | Palisade Wall |
| 7:05 | Create | Villager (Male) |
| 7:21 | Build | House |
| 7:24 | Build | Palisade Wall |
| 7:25 | Build | Palisade Wall |
| 7:30 | Build | Palisade Wall |
| 7:32 | Create | Villager (Male) |
| 7:50 | Build | Mill |
| 8:15 | Research | Feudal Age |
| 8:55 | Create | Villager (Male) |
| 9:27 | Build | Barracks |
| 9:30 | Build | House |
| 9:53 | Build | House |
| 9:55 | Build | Palisade Wall |
| 10:39 | Build | Stable |
| 10:45 | Create | Villager (Male) |
| 10:50 | Research | Loom |
| 10:51 | Create | Villager (Male) |
| 10:59 | Build | Stable |
| 11:10 | Create | Villager (Male) |
| 11:15 | Build | Farm |
| 11:23 | Build | Palisade Wall |
| 11:26 | Build | Palisade Wall |
| 11:28 | Build | Palisade Wall |
| 11:30 | Build | Palisade Wall |
| 11:42 | Create | Villager (Male) |
| 11:45 | Create | Scout Cavalry |
| 11:46 | Create | Scout Cavalry |
| 12:28 | Create | Villager (Male) |
| 12:28 | Create | Villager (Male) |
| 12:29 | Create | Villager (Male) |
| 12:58 | Build | House |
| 13:00 | Build | House |
| 13:06 | Build | Lumber Camp |
| 13:08 | Build | Palisade Wall |
| 13:10 | Build | Palisade Wall |
| 13:20 | Build | Farm |
| 13:20 | Build | Farm |
| 13:25 | Research | Double-Bit Axe |
| 13:31 | Build | Farm |
| 13:31 | Build | Farm |
| 13:32 | Build | Farm |
| 13:35 | Create | Villager (Male) |
| 13:46 | Build | House |
| 13:48 | Build | Palisade Wall |
| 13:51 | Create | Villager (Male) |
| 14:08 | Build | Mining Camp |
| 14:12 | Create | Villager (Male) |
| 14:14 | Create | Scout Cavalry |
| 14:14 | Create | Scout Cavalry |
| 14:41 | Build | Blacksmith |
| 14:43 | Create | Villager (Male) |
| 14:58 | Create | Scout Cavalry |
| 14:59 | Create | Villager (Male) |
| 15:22 | Build | Farm |
| 15:22 | Build | Farm |
| 15:23 | Build | Farm |
| 15:24 | Create | Villager (Male) |
| 15:30 | Build | House |
| 15:32 | Build | Palisade Wall |
| 15:37 | Create | Villager (Male) |
| 15:53 | Research | Scale Barding Armor |
| 15:54 | Create | Villager (Male) |
| 15:57 | Build | Farm |
| 16:00 | Build | Lumber Camp |
| 16:04 | Build | House |
| 16:06 | Build | Palisade Wall |
| 16:12 | Create | Villager (Male) |
| 16:22 | Build | Lumber Camp |
| 16:29 | Build | Farm |
| 16:31 | Create | Villager (Male) |
| 16:45 | Create | Scout Cavalry |
| 17:03 | Create | Villager (Male) |
| 17:13 | Build | Farm |
| 17:13 | Build | Farm |
| 17:14 | Build | Farm |
| 17:15 | Build | Farm |
| 17:21 | Research | Horse Collar |
| 17:35 | Create | Villager (Male) |
| 17:42 | Build | Building 796 |
| 17:50 | Create | Villager (Male) |
| 17:55 | Build | Farm |
| 18:02 | Create | Villager (Male) |
| 18:07 | Build | Farm |
| 18:07 | Build | Farm |
| 18:07 | Build | Farm |
| 18:13 | Create | Scout Cavalry |
| 18:27 | Create | Villager (Male) |
| 18:31 | Build | Farm |
| 18:32 | Build | Farm |
| 18:38 | Create | Villager (Male) |
| 18:53 | Create | Scout Cavalry |
| 18:54 | Create | Scout Cavalry |
| 19:29 | Create | Scout Cavalry ×2 |
| 19:56 | Create | Villager (Male) |
| 19:57 | Create | Villager (Male) |
| 19:59 | Build | Farm |
| 19:59 | Build | Farm |
| 20:02 | Create | Scout Cavalry |
| 20:08 | Build | Mill |
| 20:09 | Build | Farm |
| 20:10 | Build | Farm |
| 20:10 | Build | Farm |
| 20:12 | Create | Villager (Male) |
| 20:15 | Create | Scout Cavalry |
| 20:34 | Create | Scout Cavalry |
| 20:34 | Create | Scout Cavalry |
| 20:40 | Build | Mill |
| 20:40 | Build | Farm |
| 20:41 | Build | Farm |
| 20:41 | Build | Farm |
| 20:42 | Build | Farm |
| 20:44 | Create | Villager (Male) |
| 20:46 | Create | Scout Cavalry |
| 20:46 | Create | Scout Cavalry |
| 21:09 | Build | Farm |
| 21:09 | Build | Farm |
| 21:11 | Create | Villager (Male) |
Build order — MacNewbie
First 150 of 212 actions detected
| 0:01 | Create | Villager (Male) ×5 |
| 0:03 | Build | House |
| 0:05 | Build | House |
| 1:22 | Create | Villager (Male) |
| 2:00 | Create | Villager (Male) |
| 2:08 | Build | Lumber Camp |
| 2:11 | Create | Villager (Male) |
| 2:51 | Create | Villager (Male) |
| 3:11 | Create | Villager (Male) |
| 3:41 | Build | House |
| 3:58 | Create | Villager (Male) ×3 |
| 3:58 | Create | Villager (Male) ×3 |
| 4:28 | Build | Mill |
| 4:57 | Create | Villager (Male) |
| 5:24 | Create | Villager (Male) |
| 5:25 | Create | Villager (Male) |
| 6:16 | Research | Loom |
| 6:53 | Research | Feudal Age |
| 8:18 | Build | Barracks |
| 8:20 | Create | Villager (Male) |
| 8:25 | Build | House |
| 8:57 | Age | Feudal Age |
| 9:14 | Build | Stable |
| 9:18 | Create | Villager (Male) |
| 9:32 | Create | Villager (Male) |
| 9:37 | Research | Double-Bit Axe |
| 9:38 | Research | Horse Collar |
| 9:42 | Build | Farm |
| 9:43 | Build | Farm |
| 9:45 | Create | Villager (Male) |
| 10:04 | Create | Scout Cavalry |
| 10:13 | Build | Farm |
| 10:28 | Build | Farm |
| 10:57 | Create | Villager (Male) |
| 11:11 | Create | Villager (Male) ×2 |
| 11:15 | Build | Farm |
| 11:16 | Build | Farm |
| 11:16 | Build | Farm |
| 11:16 | Build | Farm |
| 11:24 | Create | Scout Cavalry |
| 12:00 | Create | Villager (Male) ×2 |
| 12:03 | Build | Farm |
| 12:03 | Build | Farm |
| 12:04 | Build | Farm |
| 12:04 | Build | Farm |
| 12:20 | Create | Villager (Male) ×2 |
| 12:24 | Create | Scout Cavalry |
| 12:29 | Build | House |
| 12:44 | Create | Villager (Male) |
| 12:49 | Create | Scout Cavalry |
| 13:24 | Build | Mining Camp |
| 13:40 | Create | Villager (Male) |
| 13:55 | Create | Villager (Male) |
| 14:00 | Create | Scout Cavalry |
| 14:25 | Create | Villager (Male) ×5 |
| 14:40 | Build | Farm |
| 14:50 | Build | Farm |
| 14:54 | Create | Villager (Male) |
| 15:14 | Create | Scout Cavalry |
| 15:14 | Create | Scout Cavalry |
| 15:30 | Build | Lumber Camp |
| 15:41 | Create | Villager (Male) |
| 15:47 | Create | Scout Cavalry |
| 15:52 | Research | Bloodlines |
| 16:27 | Create | Villager (Male) |
| 16:28 | Create | Villager (Male) |
| 16:31 | Build | House |
| 16:38 | Create | Scout Cavalry |
| 16:55 | Create | Scout Cavalry |
| 17:02 | Build | Blacksmith |
| 17:36 | Create | Villager (Male) ×5 |
| 17:56 | Build | Watch Tower |
| 18:20 | Build | House |
| 18:45 | Build | Farm |
| 18:46 | Build | Farm |
| 19:21 | Create | Villager (Male) |
| 19:30 | Build | Mill |
| 19:32 | Build | Farm |
| 19:32 | Build | Farm |
| 19:32 | Build | Farm |
| 19:33 | Build | Farm |
| 19:33 | Build | Farm |
| 19:43 | Build | House |
| 19:46 | Build | House |
| 19:48 | Build | House |
| 19:54 | Create | Scout Cavalry ×5 |
| 19:55 | Create | Scout Cavalry ×2 |
| 19:55 | Create | Scout Cavalry ×2 |
| 20:38 | Create | Villager (Male) |
| 21:04 | Create | Villager (Male) |
| 21:25 | Build | Blacksmith |
| 21:28 | Create | Scout Cavalry |
| 21:28 | Create | Scout Cavalry |
| 21:40 | Create | Scout Cavalry |
| 21:54 | Build | House |
| 21:58 | Build | House |
| 22:20 | Create | Scout Cavalry |
| 22:22 | Create | Villager (Male) ×5 |
| 22:30 | Create | Villager (Male) ×3 |
| 23:06 | Create | Villager (Male) ×4 |
| 23:12 | Build | Farm |
| 23:28 | Create | Scout Cavalry |
| 23:35 | Build | Blacksmith |
| 24:07 | Create | Scout Cavalry ×2 |
| 24:08 | Create | Villager (Male) |
| 24:25 | Create | Scout Cavalry |
| 24:31 | Build | House |
| 24:41 | Create | Scout Cavalry |
| 25:02 | Build | Farm |
| 25:03 | Build | Farm |
| 25:03 | Build | Farm |
| 25:20 | Create | Scout Cavalry |
| 25:20 | Create | Scout Cavalry |
| 25:31 | Build | Blacksmith |
| 25:33 | Create | Villager (Male) ×2 |
| 25:37 | Build | Mill |
| 25:37 | Build | Farm |
| 25:38 | Build | Farm |
| 25:38 | Build | Farm |
| 25:38 | Build | Farm |
| 25:39 | Build | Farm |
| 25:39 | Build | Farm |
| 26:16 | Create | Scout Cavalry ×3 |
| 26:31 | Build | Farm |
| 26:38 | Create | Villager (Male) |
| 26:43 | Build | Farm |
| 27:01 | Create | Villager (Male) |
| 27:14 | Create | Villager (Male) |
| 27:21 | Build | Stable |
| 27:36 | Build | Stable |
| 27:55 | Build | Farm |
| 28:24 | Create | Scout Cavalry ×3 |
| 28:24 | Create | Scout Cavalry ×3 |
| 28:42 | Build | Farm |
| 28:42 | Build | Farm |
| 28:42 | Build | Farm |
| 28:56 | Build | Mining Camp |
| 29:13 | Build | Archery Range |
| 29:23 | Create | Villager (Male) ×4 |
| 29:39 | Create | Villager (Male) |
| 29:54 | Research | Scale Barding Armor |
| 30:11 | Create | Scout Cavalry |
| 30:30 | Create | Villager (Male) ×3 |
| 30:32 | Build | Farm |
| 30:32 | Build | Farm |
| 30:33 | Build | Farm |
| 30:53 | Create | Scout Cavalry |
| 30:53 | Create | Villager (Male) |
| 31:11 | Build | Mill |
| 31:12 | Build | Farm |
Build order — DuffWasson
First 150 of 233 actions detected
| 0:28 | Build | House |
| 0:34 | Create | Villager (Male) |
| 0:34 | Create | Villager (Male) |
| 0:34 | Create | Villager (Male) |
| 0:35 | Create | Villager (Male) |
| 0:35 | Create | Villager (Male) |
| 0:35 | Create | Villager (Male) |
| 1:15 | Build | House |
| 2:30 | Create | Villager (Male) |
| 2:30 | Create | Villager (Male) |
| 2:30 | Create | Villager (Male) |
| 2:31 | Create | Villager (Male) |
| 4:16 | Create | Villager (Male) |
| 4:16 | Create | Villager (Male) |
| 5:02 | Create | Villager (Male) |
| 5:02 | Create | Villager (Male) |
| 6:04 | Build | Mill |
| 7:08 | Create | Villager (Male) |
| 7:09 | Create | Villager (Male) |
| 7:09 | Create | Villager (Male) |
| 7:09 | Create | Villager (Male) |
| 7:23 | Build | House |
| 8:46 | Build | Farm |
| 9:02 | Build | Farm |
| 9:14 | Build | Lumber Camp |
| 10:08 | Research | Feudal Age |
| 11:33 | Build | Farm |
| 11:49 | Build | Farm |
| 12:01 | Build | Farm |
| 12:08 | Create | Villager (Male) |
| 12:09 | Create | Villager (Male) |
| 12:09 | Create | Villager (Male) |
| 12:10 | Create | Villager (Male) |
| 12:10 | Create | Villager (Male) |
| 12:18 | Age | Feudal Age |
| 12:24 | Build | Farm |
| 12:54 | Build | House |
| 12:56 | Build | House |
| 12:57 | Build | House |
| 13:00 | Build | House |
| 13:37 | Build | Farm |
| 14:14 | Build | Mining Camp |
| 14:41 | Build | Palisade Wall |
| 15:12 | Create | Villager (Male) |
| 15:12 | Create | Villager (Male) |
| 15:13 | Create | Villager (Male) |
| 15:26 | Research | Loom |
| 15:40 | Research | Horse Collar |
| 17:13 | Build | Market |
| 17:52 | Build | Palisade Wall |
| 18:40 | Build | Blacksmith |
| 18:49 | Create | Villager (Male) |
| 18:49 | Create | Villager (Male) |
| 18:49 | Create | Villager (Male) |
| 18:50 | Create | Villager (Male) |
| 18:50 | Create | Villager (Male) |
| 18:50 | Create | Villager (Male) |
| 18:53 | Create | Villager (Male) |
| 18:53 | Create | Villager (Male) |
| 18:54 | Create | Villager (Male) |
| 18:54 | Create | Villager (Male) |
| 18:54 | Create | Villager (Male) |
| 19:22 | Build | Barracks |
| 19:31 | Build | House |
| 19:33 | Build | House |
| 19:35 | Build | House |
| 19:36 | Build | House |
| 19:39 | Build | House |
| 19:40 | Build | House |
| 19:42 | Build | House |
| 20:19 | Build | Stable |
| 20:20 | Build | Stable |
| 20:33 | Build | Farm |
| 21:03 | Build | Lumber Camp |
| 21:20 | Build | Palisade Wall |
| 21:29 | Build | Farm |
| 21:30 | Build | Farm |
| 21:53 | Build | Farm |
| 22:21 | Build | Palisade Wall |
| 22:44 | Build | Building 796 |
| 22:56 | Build | House |
| 23:05 | Research | Bloodlines |
| 23:07 | Create | Scout Cavalry |
| 23:08 | Create | Scout Cavalry |
| 23:09 | Create | Scout Cavalry |
| 23:09 | Create | Scout Cavalry |
| 23:09 | Create | Scout Cavalry |
| 23:09 | Create | Scout Cavalry |
| 23:10 | Create | Scout Cavalry |
| 23:10 | Create | Scout Cavalry |
| 23:10 | Create | Scout Cavalry |
| 23:10 | Create | Scout Cavalry |
| 23:11 | Create | Scout Cavalry |
| 23:11 | Create | Scout Cavalry |
| 23:11 | Create | Scout Cavalry |
| 23:12 | Create | Scout Cavalry |
| 23:18 | Create | Spearman |
| 23:19 | Create | Spearman |
| 23:19 | Create | Spearman |
| 23:19 | Create | Spearman |
| 23:19 | Create | Spearman |
| 23:20 | Create | Spearman |
| 23:41 | Build | Farm |
| 23:51 | Build | Farm |
| 23:59 | Build | Watch Tower |
| 24:42 | Build | House |
| 24:45 | Build | House |
| 25:14 | Build | Palisade Wall |
| 25:29 | Build | Blacksmith |
| 25:37 | Build | Farm |
| 25:55 | Build | Lumber Camp |
| 26:18 | Build | Palisade Wall |
| 26:33 | Build | Mining Camp |
| 26:44 | Build | Palisade Wall |
| 27:12 | Build | Palisade Wall |
| 27:18 | Create | Scout Cavalry |
| 28:23 | Create | Scout Cavalry |
| 28:23 | Create | Scout Cavalry |
| 28:24 | Create | Scout Cavalry |
| 28:24 | Create | Scout Cavalry |
| 28:24 | Create | Scout Cavalry |
| 29:07 | Build | House |
| 29:48 | Build | House |
| 29:49 | Build | House |
| 29:53 | Create | Scout Cavalry |
| 29:54 | Create | Scout Cavalry |
| 29:54 | Create | Scout Cavalry |
| 29:54 | Create | Scout Cavalry |
| 29:54 | Create | Scout Cavalry |
| 29:55 | Create | Scout Cavalry |
| 29:57 | Create | Spearman |
| 29:58 | Create | Spearman |
| 29:58 | Create | Spearman |
| 29:58 | Create | Spearman |
| 30:01 | Create | Spearman |
| 30:01 | Create | Spearman |
| 30:01 | Create | Spearman |
| 30:01 | Create | Spearman |
| 30:33 | Build | Archery Range |
| 30:42 | Create | Scout Cavalry |
| 30:42 | Create | Scout Cavalry |
| 30:42 | Create | Scout Cavalry |
| 30:43 | Create | Scout Cavalry |
| 30:54 | Build | Farm |
| 31:01 | Build | Farm |
| 31:07 | Build | Farm |
| 31:12 | Build | Farm |
| 31:17 | Build | Farm |
| 31:52 | Create | Archer |
| 31:53 | Create | Archer |
Build order — Overrated BO's
First 150 of 421 actions detected
| 0:00 | Create | Villager (Male) |
| 0:02 | Build | House |
| 0:04 | Build | House |
| 0:08 | Create | Villager (Male) |
| 0:11 | Create | Villager (Male) |
| 0:23 | Create | Villager (Male) |
| 1:25 | Create | Villager (Male) |
| 1:55 | Create | Villager (Male) |
| 2:17 | Create | Villager (Male) |
| 2:18 | Build | Lumber Camp |
| 2:55 | Create | Villager (Male) |
| 3:00 | Create | Villager (Male) |
| 3:24 | Create | Villager (Male) |
| 3:45 | Create | Villager (Male) |
| 3:52 | Build | House |
| 4:13 | Create | Villager (Male) |
| 4:29 | Create | Villager (Male) |
| 4:46 | Create | Villager (Male) |
| 5:12 | Build | Mining Camp |
| 5:42 | Create | Villager (Male) |
| 6:10 | Research | Loom |
| 6:48 | Create | Villager (Male) |
| 7:07 | Research | Feudal Age |
| 7:28 | Create | Villager (Male) |
| 8:10 | Build | Barracks |
| 8:57 | Build | House |
| 9:23 | Age | Feudal Age |
| 9:27 | Build | Archery Range |
| 9:29 | Build | Archery Range |
| 9:31 | Create | Villager (Male) |
| 9:32 | Research | Double-Bit Axe |
| 10:08 | Create | Villager (Male) |
| 10:16 | Build | House |
| 10:19 | Build | House |
| 10:21 | Build | Palisade Wall |
| 10:35 | Create | Archer |
| 10:35 | Create | Archer |
| 10:41 | Create | Villager (Male) |
| 10:45 | Create | Villager (Male) |
| 10:48 | Build | Blacksmith |
| 10:50 | Create | Villager (Male) |
| 10:55 | Build | House |
| 11:08 | Create | Villager (Male) |
| 11:25 | Create | Archer |
| 11:25 | Create | Archer |
| 11:34 | Research | Fletching |
| 11:34 | Research | Fletching |
| 11:52 | Create | Archer |
| 11:56 | Create | Villager (Male) |
| 12:20 | Create | Villager (Male) |
| 12:21 | Create | Archer |
| 12:31 | Build | House |
| 12:34 | Build | Mill |
| 12:34 | Create | Villager (Male) |
| 12:36 | Create | Archer |
| 12:44 | Build | Outpost |
| 12:53 | Build | House |
| 12:56 | Create | Archer |
| 13:16 | Create | Archer |
| 13:17 | Create | Villager (Male) |
| 13:28 | Build | House |
| 13:30 | Build | Palisade Wall |
| 13:36 | Create | Archer |
| 13:52 | Create | Villager (Male) |
| 13:53 | Create | Archer |
| 13:57 | Build | Farm |
| 13:57 | Build | Farm |
| 13:57 | Build | Farm |
| 13:57 | Build | Farm |
| 14:10 | Create | Villager (Male) |
| 14:21 | Build | House |
| 14:23 | Build | Farm |
| 14:28 | Create | Villager (Male) |
| 14:28 | Create | Archer |
| 14:40 | Create | Archer |
| 14:40 | Create | Archer |
| 14:52 | Create | Archer |
| 14:59 | Build | Farm |
| 14:59 | Create | Villager (Male) |
| 15:13 | Create | Villager (Male) |
| 15:14 | Create | Archer |
| 15:27 | Build | Farm |
| 15:30 | Build | Farm |
| 15:36 | Create | Archer |
| 15:47 | Create | Villager (Male) |
| 15:48 | Create | Archer |
| 16:05 | Create | Villager (Male) |
| 16:23 | Create | Villager (Male) |
| 16:24 | Create | Archer |
| 16:24 | Create | Archer |
| 16:28 | Research | Padded Archer Armor |
| 16:37 | Create | Villager (Male) |
| 16:39 | Create | Archer |
| 16:39 | Create | Archer |
| 16:42 | Build | Farm |
| 16:47 | Build | House |
| 16:48 | Build | House |
| 17:01 | Create | Villager (Male) |
| 17:16 | Create | Villager (Male) |
| 17:19 | Create | Villager (Male) |
| 17:20 | Create | Archer |
| 17:21 | Create | Archer |
| 17:24 | Build | Farm |
| 17:34 | Create | Archer |
| 17:41 | Create | Villager (Male) |
| 17:45 | Build | House |
| 17:47 | Build | Palisade Wall |
| 17:50 | Build | Palisade Gate |
| 17:53 | Create | Villager (Male) |
| 17:55 | Create | Archer |
| 18:19 | Build | Palisade Wall |
| 18:21 | Build | Palisade Wall |
| 18:24 | Create | Villager (Male) |
| 18:33 | Build | Farm |
| 18:41 | Create | Archer |
| 18:53 | Create | Archer |
| 18:53 | Create | Archer |
| 19:21 | Create | Villager (Male) |
| 19:21 | Create | Archer |
| 19:22 | Create | Archer |
| 19:30 | Create | Archer |
| 19:30 | Create | Archer |
| 19:46 | Create | Villager (Male) |
| 19:51 | Create | Villager (Male) |
| 20:03 | Create | Archer |
| 20:10 | Build | Lumber Camp |
| 20:13 | Create | Archer |
| 20:13 | Create | Archer |
| 20:26 | Create | Villager (Male) |
| 20:38 | Create | Villager (Male) |
| 20:39 | Create | Archer |
| 20:40 | Create | Archer |
| 20:41 | Create | Villager (Male) |
| 20:47 | Build | Palisade Wall |
| 21:13 | Create | Archer |
| 21:17 | Create | Archer |
| 21:34 | Create | Villager (Male) |
| 21:39 | Build | House |
| 21:42 | Build | Archery Range |
| 21:46 | Create | Villager (Male) |
| 21:47 | Create | Archer |
| 22:17 | Create | Villager (Male) |
| 22:28 | Create | Villager (Male) |
| 22:29 | Create | Archer |
| 22:39 | Build | Farm |
| 22:41 | Build | Farm |
| 22:43 | Build | Farm |
| 22:49 | Research | Gold Mining |
| 22:57 | Research | Castle Age |
| 23:02 | Build | House |
Match timeline
| 6:40 | AlexKngSteel · wall_segment Palisade Wall x8 |
| 7:24 | AlexKngSteel · wall_segment Palisade Wall x1 |
| 7:25 | AlexKngSteel · wall_segment Palisade Wall x9 |
| 7:30 | AlexKngSteel · wall_segment Palisade Wall x17 |
| 8:00 | BothStarling872 · first_building Barracks |
| 8:10 | Overrated BO's · first_building Barracks |
| 8:18 | MacNewbie · first_building Barracks |
| 8:32 | Raziel · wall_segment Palisade Wall x5 |
| 8:57 | MacNewbie · age_up feudal |
| 9:14 | MacNewbie · first_building Stable |
| 9:15 | Raziel · first_building Barracks |
| 9:23 | Overrated BO's · age_up feudal |
| 9:24 | Hiller B · first_building Barracks |
| 9:27 | Overrated BO's · first_building Archery Range |
| 9:27 | AlexKngSteel · first_building Barracks |
| 9:55 | AlexKngSteel · wall_segment Palisade Wall x4 |
| 9:55 | Raziel · age_up feudal |
| 10:15 | Raziel · first_building Archery Range |
| 10:17 | SF PLAYER · wall_segment Palisade Wall x5 |
| 10:21 | Overrated BO's · wall_segment Palisade Wall x1 |
| 10:27 | SF PLAYER · first_building Barracks |
| 10:39 | AlexKngSteel · first_building Stable |
| 10:50 | Raziel · first_building Stable |
| 11:06 | BothStarling872 · first_building Archery Range |
| 11:15 | BothStarling872 · wall_segment Palisade Wall x4 |
| 11:22 | Raziel · wall_segment Palisade Wall x15 |
| 11:23 | AlexKngSteel · wall_segment Palisade Wall x1 |
| 11:26 | AlexKngSteel · wall_segment Palisade Wall x1 |
| 11:28 | AlexKngSteel · wall_segment Palisade Wall x1 |
| 11:30 | AlexKngSteel · wall_segment Palisade Wall x1 |
| 11:37 | SF PLAYER · age_up feudal |
| 11:45 | SF PLAYER · first_building Stable |
| 12:11 | BothStarling872 · wall_segment Palisade Wall x7 |
| 12:12 | BothStarling872 · wall_segment Palisade Wall x1 |
| 12:15 | BothStarling872 · wall_segment Palisade Wall x1 |
| 12:18 | DuffWasson · age_up feudal |
| 12:33 | Hiller B · age_up feudal |
| 12:37 | SF PLAYER · wall_segment Palisade Wall x1 |
| 12:37 | Hiller B · first_building Stable |
| 12:50 | SF PLAYER · wall_segment Palisade Wall x3 |
| 12:57 | BothStarling872 · wall_segment Palisade Wall x5 |
| 13:08 | AlexKngSteel · wall_segment Palisade Wall x1 |
| 13:09 | SF PLAYER · wall_segment Palisade Wall x3 |
| 13:10 | AlexKngSteel · wall_segment Palisade Wall x1 |
| 13:30 | Overrated BO's · wall_segment Palisade Wall x2 |
| 13:33 | BothStarling872 · wall_segment Palisade Wall x3 |
| 13:38 | BothStarling872 · wall_segment Palisade Wall x1 |
| 13:39 | BothStarling872 · wall_segment Palisade Wall x1 |
| 13:43 | SF PLAYER · wall_segment Palisade Wall x5 |
| 13:48 | AlexKngSteel · wall_segment Palisade Wall x7 |
| 13:56 | BothStarling872 · wall_segment Palisade Wall x1 |
| 14:07 | SF PLAYER · wall_segment Palisade Wall x6 |
| 14:26 | BothStarling872 · wall_segment Palisade Wall x1 |
| 14:28 | BothStarling872 · wall_segment Palisade Wall x1 |
| 14:29 | BothStarling872 · wall_segment Palisade Wall x1 |
| 14:31 | BothStarling872 · wall_segment Palisade Wall x1 |
| 14:41 | DuffWasson · wall_segment Palisade Wall x12 |
| 15:00 | SF PLAYER · wall_segment Palisade Wall x4 |
| 15:32 | AlexKngSteel · wall_segment Palisade Wall x6 |
| 16:06 | AlexKngSteel · wall_segment Palisade Wall x1 |
| 16:44 | SF PLAYER · wall_segment Palisade Wall x5 |
| 17:47 | Overrated BO's · wall_segment Palisade Wall x4 |
| 17:52 | DuffWasson · wall_segment Palisade Wall x23 |
| 18:14 | SF PLAYER · wall_segment Palisade Wall x1 |
| 18:19 | Overrated BO's · wall_segment Palisade Wall x8 |
| 18:21 | Overrated BO's · wall_segment Palisade Wall x12 |
| 18:51 | SF PLAYER · first_market_buy 100 food |
| 19:20 | BothStarling872 · wall_segment Stone Wall x1 |
| 19:22 | DuffWasson · first_building Barracks |
| 20:19 | DuffWasson · first_building Stable |
| 20:35 | BothStarling872 · wall_segment Palisade Wall x9 |
| 20:38 | BothStarling872 · wall_segment Palisade Wall x8 |
| 20:39 | BothStarling872 · wall_segment Palisade Wall x4 |
| 20:47 | Overrated BO's · wall_segment Palisade Wall x8 |
| 21:20 | DuffWasson · wall_segment Palisade Wall x4 |
| 22:06 | SF PLAYER · age_up castle |
| 22:12 | BothStarling872 · wall_segment Palisade Wall x1 |
| 22:13 | BothStarling872 · wall_segment Palisade Wall x1 |
| 22:15 | BothStarling872 · wall_segment Palisade Wall x12 |
| 22:21 | DuffWasson · wall_segment Palisade Wall x18 |
| 23:19 | Overrated BO's · wall_segment Palisade Wall x5 |
| 23:58 | Overrated BO's · wall_segment Palisade Wall x1 |
| 24:00 | Overrated BO's · wall_segment Palisade Wall x4 |
| 25:14 | DuffWasson · wall_segment Palisade Wall x2 |
| 25:43 | Overrated BO's · age_up castle |
| 25:55 | Raziel · wall_segment Palisade Wall x1 |
| 26:18 | DuffWasson · wall_segment Palisade Wall x7 |
| 26:44 | DuffWasson · wall_segment Palisade Wall x2 |
| 26:51 | BothStarling872 · first_market_buy 100 food |
| 27:12 | DuffWasson · wall_segment Palisade Wall x5 |
| 28:40 | Raziel · age_up castle |
| 28:58 | Raziel · first_market_sell 100 wood |
| 29:13 | MacNewbie · first_building Archery Range |
| 29:25 | Overrated BO's · first_market_sell 100 food |
| 29:44 | BothStarling872 · first_building Stable |
| 30:33 | DuffWasson · first_building Archery Range |
| 31:27 | Hiller B · age_up castle |
| 32:07 | AlexKngSteel · first_building Monastery |
| 34:15 | BothStarling872 · wall_segment Stone Wall x1 |
| 34:38 | BothStarling872 · first_building Castle |
| 34:39 | Raziel · first_building Castle |
| 36:55 | Hiller B · first_market_sell 100 food |
| 37:38 | Overrated BO's · first_building Castle |
| 37:41 | SF PLAYER · first_building Monastery |
| 37:49 | Overrated BO's · wall_segment Palisade Wall x1 |
| 37:50 | Overrated BO's · wall_segment Palisade Wall x1 |
| 37:51 | Overrated BO's · wall_segment Palisade Wall x1 |
| 38:12 | Hiller B · wall_segment Stone Wall x12 |
| 38:26 | Overrated BO's · first_building Monastery |
| 38:54 | AlexKngSteel · wall_segment Palisade Wall x5 |
| 39:12 | SF PLAYER · first_building Castle |
| 39:18 | AlexKngSteel · first_building Castle |
| 39:22 | BothStarling872 · first_building Siege Workshop |
| 40:46 | AlexKngSteel · wall_segment Palisade Wall x2 |
| 40:55 | MacNewbie · age_up castle |
| 41:13 | Overrated BO's · first_building Siege Workshop |
| 41:51 | SF PLAYER · age_up imperial |
| 42:14 | AlexKngSteel · first_building Archery Range |
| 42:15 | Overrated BO's · age_up imperial |
| 42:20 | DuffWasson · age_up castle |
| 42:21 | Overrated BO's · first_market_buy 100 wood |
| 43:30 | Raziel · first_building Siege Workshop |
| 43:50 | MacNewbie · resign |
[ AI ANALYSIS · 1 CREDIT ]
What really happened in this match?
Wolo.gg analyzes every decision: build order, eco, micro, common mistakes by bracket. Personalized analysis on WhatsApp or Discord in 30 seconds.
Civ guide
Burmese
Map guide
Arabia
Perfil
SF PLAYER